 Dungeon Crawl Stone Soup version 0.23-a0-389-g4a5eb334b0 (webtiles) character file.

1229 Notair the Basher (level 8, 0/70 HPs)
             Began as a Minotaur Gladiator on Oct 30, 2018.
             Was an Initiate of Okawaru.
             Slain by a wight
             ... wielding a +0 long sword
              (10 damage)
             ... on level 6 of the Dungeon.
             The game lasted 00:11:15 (6396 turns).

Notair the Basher (Minotaur Gladiator)              Turns: 6396, Time: 00:11:16

Health: 0/70       AC: 11    Str: 18      XL:     8   Next: 24%
Magic:  7/7        EV:  8    Int:  7      God:    Okawaru [......]
Gold:   412        SH:  0    Dex:  8 (13) Spells: 7/7 levels left

rFire    . . .     SeeInvis .   c - +0 morningstar
rCold    + . .     Gourm    .   (no shield)
rNeg     . . .     Faith    .   s - +1 chain mail {rC+}
rPois    .         Spirit   .   i - +1 hat
rElec    .         Reflect  .   (no cloak)
rCorr    .         Harm     .   (no gloves)
MR       .....                  (no boots)
Stlth    ..........             (no amulet)
HPRegen  0.21/turn              o - ring of stealth
MPRegen  0.10/turn              t - ring of wizardry

@: about to teleport, drained
A: retaliatory headbutt, horns 2
a: Renounce Religion


You were on level 6 of the Dungeon.
You worshipped Okawaru.
Okawaru was noncommittal.
You were not hungry.

You visited 2 branches of the dungeon, and saw 7 of its levels.

You collected 412 gold pieces.

Inventory:

Hand Weapons
 c - a +0 morningstar (weapon)
 e - a +0 hunting sling
 v - a +0 blowgun
Missiles
 d - 3 throwing nets
 g - 5 javelins (quivered)
 w - 23 poisoned needles
 C - 23 sling bullets
Armour
 i - a +1 hat (worn)
 s - a +1 chain mail of cold resistance (worn)
Jewellery
 o - a ring of stealth (left hand)
 t - a ring of wizardry (right hand)
 y - an uncursed ring of positive energy {unknown}
 z - an uncursed amulet of the acrobat {unknown}
Wands
 p - a wand of paralysis (5)
 E - a wand of digging (3)
Scrolls
 j - 3 scrolls of identify
 k - 3 scrolls of teleportation
 l - 2 scrolls of magic mapping {unknown}
 n - 2 scrolls of remove curse
 A - a scroll of enchant weapon {unknown}
Potions
 a - 2 potions of magic {unknown}
 b - a potion of heal wounds {unknown}
 h - 4 potions of curing
 m - a potion of berserk rage {unknown}
 q - a potion of might {unknown}
 r - 2 potions of flight {unknown}
 u - a potion of cancellation {unknown}
 x - a potion of lignification {unknown}
 B - a potion of agility {unknown}
Comestibles
 f - 11 rations
 D - 3 chunks of flesh


   Skills:
 + Level 6.2(5.3) Fighting
 * Level 9.1(8.1) Maces & Flails
 - Level 2.0(1.2) Throwing
 + Level 4.3(3.5) Armour
 - Level 5.0(4.2) Dodging


You had 7 spell levels left.
You didn't know any spells.
Your spell library was empty.

Dungeon Overview and Level Annotations

Branches:
Dungeon (6/15)             Temple (1/1) D:5

Altars:
Cheibriados
Dithmenos
Fedhas
Hepliaklqana
Kikubaaqudgha
Makhleb
Nemelex Xobeh
Okawaru
Ru
Trog
Wu Jian
Yredelemnul
Zin

Shops:
D:4 %


Innate Abilities, Weirdness & Mutations

You reflexively headbutt those who attack you in melee.
You have a pair of horns on your head.


Message History

* * * LOW HITPOINT WARNING * * *
The wight hits you but does no damage.
The orc wizard looks satisfied for a moment.
The orc priest invokes the aid of Beogh against you.
Pain shoots through your body!
* * * LOW HITPOINT WARNING * * *
As you read the scroll of teleportation, it crumbles to dust.
You feel strangely unstable. The wight closely misses you. x2
You furiously retaliate!
You headbutt the wight.
The orc wizard hits you but does no damage.
The orc priest hits you but does no damage.
You barely miss the orc priest.
The orc priest is moderately wounded.
The wight hits you from afar with a cursed +0 spear.
* * * LOW HITPOINT WARNING * * *
You feel drained.
* * * LOW HITPOINT WARNING * * *
The orc wizard barely misses you.
The wight hits you with a +0 long sword!
You die...

#.....#.....# #.....#.....# ..'
.. #.....#.....# ..#oo ######
#.....#.....# ..#o #....#
#.....'.....# ..' #....#
#.....#####'# ..#######....##
#.....#.....# ...............
#.....#.....#####z#.............
#.....#........@zo#.......####..
#.....#........oo.#.......#..#..
#.....#.....#######.......'..+..
#.....########....#.......#..#..
#......#....##....#####+###..###
+.....÷#.................##..##.
##......'.................##..##.
.......†#....##....##.....##..##'
..#+###########....##.....##..##.


You could see 2 wights, an orc priest and 2 orc wizards.

Vanquished Creatures
  Menkaure (D:5)
  An orc warrior (D:6)
  2 ogres
  Blork the orc (D:4)
  A bullfrog (D:6)
  A scorpion (D:6)
  3 wights (D:6)
  A quasit (D:6)
  2 jellies (D:4)
  A hound (D:3)
  4 orc priests
  Ijyb (D:3)
  An orc wizard (D:6)
  A worker ant (D:4)
  2 worker ant zombies (D:5)
  8 adders
  A shadow imp (D:5)
  9 oozes
  2 worms
  3 leopard geckos
  8 orcs
  A ball python (D:1)
  3 giant cockroaches
  8 hobgoblins
  4 jackals (D:6)
  3 quokkas
  5 bats
  6 frilled lizards
  5 goblins
  12 kobolds
  A quokka skeleton (D:4)
  A quokka zombie (D:5)
  11 rats
114 creatures vanquished.

Vanquished Creatures (others)
  10 toadstools (D:4)
10 creatures vanquished.

Grand Total: 124 creatures vanquished

Notes
Turn   | Place    | Note
-------+----------+-------------------------------------------
     0 | D:1      | Notair the Minotaur Gladiator began the quest for the Orb.
     0 | D:1      | Reached XP level 1. HP: 18/18 MP: 0/0
   347 | D:1      | Reached skill level 4 in Maces & Flails
   348 | D:1      | Reached XP level 2. HP: 25/25 MP: 1/1
   829 | D:2      | Reached XP level 3. HP: 23/31 MP: 2/2
  2024 | D:3      | Found an ornate altar of the Wu Jian Council.
  2073 | D:3      | Reached skill level 5 in Maces & Flails
  2073 | D:3      | Reached XP level 4. HP: 38/38 MP: 3/3
  2098 | D:3      | Found a hazy altar of Hepliaklqana.
  2126 | D:3      | Found a sparkling altar of Nemelex Xobeh.
  2234 | D:3      | Noticed Ijyb
  2243 | D:3      | Paralysed by Ijyb for 5 turns
  2252 | D:3      | Killed Ijyb
  2252 | D:3      | Reached XP level 5. HP: 38/46 MP: 4/4
  2437 | D:3      | Reached skill level 6 in Maces & Flails
  2468 | D:3      | Found a glowing silver altar of Zin.
  2468 | D:3      | Noticed an angel
  2605 | D:4      | Found Fats's Food Shop.
  2716 | D:4      | Noticed an ogre
  2734 | D:4      | Killed an ogre
  2734 | D:4      | Reached skill level 1 in Armour
  2734 | D:4      | Reached XP level 6. HP: 23/53 MP: 5/5
  3630 | D:4      | Found a blossoming altar of Fedhas.
  3630 | D:4      | Found a snail-covered altar of Cheibriados.
  3718 | D:5      | Entered Level 5 of the Dungeon
  3776 | D:5      | Noticed Blork the orc
  3796 | D:4      | Killed Blork the orc
  3796 | D:4      | Reached skill level 7 in Maces & Flails
  3796 | D:4      | Reached skill level 5 in Dodging
  3796 | D:4      | Reached XP level 7. HP: 13/60 MP: 6/6
  4061 | D:5      | Noticed Menkaure
  4219 | D:5      | Killed Menkaure
  4219 | D:5      | Reached skill level 5 in Fighting
  4868 | D:5      | Found a staircase to the Ecumenical Temple.
  4875 | Temple   | Entered the Ecumenical Temple
  4968 | Temple   | Became a worshipper of Warmaster Okawaru
  5051 | D:5      | Found a blossoming altar of Fedhas.
  5349 | D:6      | Reached skill level 8 in Maces & Flails
  5752 | D:6      | Reached XP level 8. HP: 21/70 MP: 7/7
  6336 | D:6      | Reached skill level 9 in Maces & Flails
  6396 | D:6      | Slain by a wight

Vault maps used:
D:1:      tarquinn_simple_flora_water_d, hangedman_glass_teeth
D:2:      serial_co_window_serial, co_window_paths_b, co_window_corner_a,
          co_window_cross_1, co_window_paths_a, co_window_corner_a,
          co_window_corner_a, co_window_corner_a, co_window_paths_c,
          co_window_unsneaky_path_b, co_window_of_opportunity_c,
          co_window_broadway_b, co_window_corner_ca, co_window_unsneaky_path_a,
          co_window_corner_b, co_window_paths_e, glass_columns_c,
          glass_columns_a, glass_columns_a, glass_columns_b
D:3:      zin_angel, lemuel_crystal_altar, lemuel_round_altar,
          lemuel_crystal_altar, uniq_ijyb
D:4:      cheibrodos_fertilizer, gammafunk_temple_overflow_statue, serial_shops,
          shop
D:5:      temple_green, first_ration, fedhas_altar_fruit_tree,
          uniq_blork_the_orc, uniq_menkaure
Temple:   minmay_temple_curvy_branch

Skill      XL: |  1  2  3  4  5  6  7  8 |
---------------+-------------------------+-----
Maces & Flails | 4 5 6 7 8 9 |  9.1
Fighting       | 3 4 5 6 |  6.2
Dodging        | 4 5 |  5.0
Armour         | 1 2 3 4 |  4.3
Throwing       | |  2.0

Action                   |  1- 3 |  4- 6 |  7- 9 || total
-------------------------+-------+-------+-------++-------
Melee: Flail             |    97 |    27 |       ||   124
       Headbutt          |     8 |    17 |    15 ||    40
       Morningstar       |       |    90 |   137 ||   227
Throw: Javelin           |     6 |       |       ||     6
  Use: Scroll            |       |     2 |     2 ||     4
 Stab: Sleeping          |     2 |       |       ||     2
  Eat: Chunk             |     3 |     4 |     1 ||     8
       Ration            |       |       |     3 ||     3
Armor: Leather armour    |    21 |     8 |       ||    29
       Ring mail         |       |    14 |       ||    14
       Chain mail        |       |    44 |   131 ||   175
Dodge: Dodged            |    64 |    62 |    94 ||   220

Table legend:
 A = Non-vault XP
 B = Vault XP
 C = Vault XP percentage of total XP
 D = Non-vault monster count
 E = Vault monster count
 F = Vault count percentage of total count
                 A         B        C        D         E       F
            +---------+---------+-------+---------+---------+-------
      Total |    1304 |     453 |  25.8 |      95 |      19 |  16.7
            +---------+---------+-------+---------+---------+-------
        D:1 |      37 |       0 |   0.0 |      25 |       0 |   0.0
        D:2 |      51 |       0 |   0.0 |      15 |       0 |   0.0
        D:3 |     180 |      35 |  16.3 |      17 |       1 |   5.6
        D:4 |     198 |     246 |  55.4 |      10 |      17 |  63.0
        D:5 |      76 |     172 |  69.4 |      11 |       1 |   8.3
        D:6 |     762 |       0 |   0.0 |      17 |       0 |   0.0
            +---------+---------+-------+---------+---------+-------
